AoeStats
← 体制少妇白洁

MegaRandom

507519765Analyzed
4v4 RM · 14d ago on Sep 18, 2026· 23m 12s· 8 players
Game mode
Random Map
Map size
Large (8 player)
Population
200
Speed
Normal
Resources
Standard
Victory
Conquest
Starting age
Dark Age
Ending age
Imperial Age
RankedLock teamsTeams togetherTeam positionsShared explorationLock speedFull tech treeHidden civsTurbo modeCheats
Victory
Defeat
🇭🇰 Aztecs · Hong Kong SAR China
1518
+10
🇨🇳 Magyars · China
1461
+12
🇨🇳 Bengalis · China
1414
+14
🇨🇳 Wei · China
1335
+18
🇪🇨 Gurjaras · Ecuador
1428
-16
🇺🇸 Ethiopians · United States
1371
-13
🇺🇾 Mongols · Uruguay
1355
-13
🇬🇷 Maya · Greece
1345
-12
PNAL | Diego Rodriguez
0:33 Loom
7:51 Feudal Age
15:34 Fletching
15:46 Padded Archer Armor
18:10 Wheelbarrow
24:38 Castle Age
Maty
0:28 Loom
8:25 Feudal Age
10:22 Double-Bit Axe
12:04 Horse Collar
18:10 Castle Age
17:07 Bloodlines
17:00 Gold Mining
17:52 Scale Barding Armor
18:36 Fishing Lines
19:10 Bow Saw
19:37 Wheelbarrow
20:50 Gillnets
21:18 Husbandry
23:30 Chain Barding Armor
Sougamao
0:27 Loom
9:49 Feudal Age
12:20 Town Watch
14:13 Wheelbarrow
17:30 Castle Age
16:00 Double-Bit Axe
16:10 Horse Collar
18:33 Bow Saw
AML4554
0:33 Loom
9:38 Feudal Age
10:48 Double-Bit Axe
12:57 Fletching
16:16 Castle Age
15:28 Gold Mining
15:20 Horse Collar
16:23 Crossbowman
17:00 Bodkin Arrow
FoLuo
0:41 Loom
8:22 Feudal Age
10:11 Double-Bit Axe
13:24 Fletching
16:19 Horse Collar
16:41 Padded Archer Armor
18:37 Wheelbarrow
21:55 Castle Age
20:49 Gold Mining
21:59 Crossbowman
23:01 Bodkin Arrow
可爱透耀人
0:27 Loom
8:51 Feudal Age
9:27 Double-Bit Axe
10:10 Town Watch
16:19 Scale Barding Armor
20:33 Wheelbarrow
20:31 Fishing Lines
体制少妇白洁
0:31 Loom
8:04 Feudal Age
9:07 Double-Bit Axe
9:35 Horse Collar
17:08 Wheelbarrow
20:18 Castle Age
18:49 Gold Mining
19:31 Scale Mail Armor
19:44 Forging
20:21 Eagle Warrior
21:20 Chain Mail Armor
21:30 Squires
22:27 Bow Saw
22:42 Arson
cookie tin
0:31 Loom
10:03 Feudal Age
14:01 Castle Age
11:58 Double-Bit Axe
13:55 Scale Barding Armor
15:01 Bow Saw
15:08 Horse Collar
17:13 Chain Barding Armor
20:09 Town Watch
21:38 Gold Mining
23:25 Gold Shaft Mining
22:55 Heavy Plow
Connection lost

Rejoining the realm…

Still unreachable

The connection could not be restored.

Session expired

The server has moved on; the page needs a fresh start.